[Event "34th MPL National U12 Chess-ch 2022"]
[Site "Mysore"]
[Date "2022.04.12"]
[Round "8.1"]
[White "Vaz, Ethan"]
[Black "Aansh Nandan Nerurkar"]
[Result "1-0"]
[ECO "B06"]
[WhiteElo "1384"]
[BlackElo "1564"]
[Annotator "NA RC"]
[PlyCount "111"]
[EventDate "2022.04.09"]
[EventCountry "IND"]
[SourceTitle "playchess.com"]
[Source "ChessBase"]
[SourceQuality "1"]
[TimeControl "5400+30"]

1. e4 c5 2. c3 d5 3. exd5 Qxd5 4. d4 g6 5. Nf3 Bg7 6. Na3 cxd4 7. Bc4 Qe4+ 8. Be3 Nh6 9. Nb5 O-O 10. cxd4 Nf5 11. Nc7 Nc6 12. Nxa8 Ncxd4 13. Nxd4 Nxd4 14. O-O Bh3 15. gxh3 Nf3+ 16. Kh1 Nd2+ 17. f3 Qxe3 18. Re1 Qg5 19. h4 Qa5 20. Qc2 e6 21. Rad1 Nxf3 22. Rf1 Nd4 23. Qe4 Rxa8 24. Rxf7 Kxf7 25. Qxb7+ Kf6 26. Qxa8 Nf5 27. Qd8+ Qxd8 28. Rxd8 Ke7 29. Ra8 Bd4 30. b4 e5 31. Bd5 Nd6 32. Rh8 h5 33. Rh7+ Kf8 34. Rd7 Nf5 35. a4 Ke8 36. Bc6 Kf8 37. a5 Ne7 38. b5 Kf7 39. Be4 Ke6 40. Rb7 Kd6 41. a6 Bf2 42. Kg2 Bd4 43. b6 Nc8 44. bxa7 Nxa7 45. Bxg6 Nc6 46. Kf3 Na7 47. Ke4 Nc6 48. Bxh5 Na7 49. Be8 Nc8 50. h5 Na7 51. h6 Nc6 52. Bxc6 Kxc6 53. h7 Bb6 54. h8=Q Bc5 55. Qc8+ Kd6 56. Qd7# 1-0

[Event "34th MPL National U12 Chess-ch 2022"]
[Site "Mysore"]
[Date "2022.04.12"]
[Round "8.2"]
[White "Goutham Krishna H"]
[Black "Sherla Prathamesh"]
[Result "1-0"]
[ECO "E16"]
[WhiteElo "1541"]
[BlackElo "1484"]
[Annotator "NA RC"]
[PlyCount "153"]
[EventDate "2022.04.09"]
[EventCountry "IND"]
[SourceTitle "playchess.com"]
[Source "ChessBase"]
[SourceQuality "1"]
[TimeControl "5400+30"]

1. Nf3 Nf6 2. d4 e6 3. c4 Bb4+ 4. Bd2 Qe7 5. g3 b6 6. Bg2 Bb7 7. O-O O-O 8. Bf4 Bd6 9. Bc1 c5 10. d5 Na6 11. Nc3 exd5 12. Nh4 Be5 13. Nxd5 Nxd5 14. cxd5 d6 15. Kh1 g6 16. f4 Bh8 17. e4 f6 18. Bd2 b5 19. Qg4 Bc8 20. Qe2 Bd7 21. a4 Nc7 22. Ba5 Nxd5 23. e5 Qf7 24. Qd2 Bc6 25. Rfd1 Nb4 26. Bxb4 Bxg2+ 27. Nxg2 cxb4 28. exd6 bxa4 29. Rxa4 a5 30. f5 Bg7 31. Qd5 Qxd5 32. Rxd5 Rfd8 33. Ne3 Bf8 34. Nc4 Ra6 35. Raxa5 Rxa5 36. Rxa5 Bxd6 37. Ra6 Be7 38. fxg6 hxg6 39. Rc6 Rd5 40. Re6 Kf7 41. Re3 Bc5 42. Re1 Bd4 43. Rd1 Ke6 44. Kg2 Be5 45. Rxd5 Kxd5 46. Nxe5 fxe5 47. Kf2 Ke4 48. Ke2 b3 49. h3 Kf5 50. Ke3 Kf6 51. Ke4 Ke6 52. h4 Kd6 53. g4 Ke6 54. h5 g5 55. h6 Kf6 56. h7 Kg7 57. Kxe5 Kxh7 58. Kf5 Kh6 59. Kf6 Kh7 60. Kxg5 Kg7 61. Kf5 Kf7 62. Ke5 Kg6 63. Kd4 Kg5 64. Kc3 Kxg4 65. Kxb3 Kf5 66. Kc4 Ke6 67. Kc5 Kd7 68. Kb6 Kc8 69. b4 Kb8 70. b5 Ka8 71. Kc7 Ka7 72. b6+ Ka6 73. b7 Ka5 74. b8=Q Ka4 75. Qb2 Ka5 76. Qb3 Ka6 77. Qa4# 1-0

[Event "34th MPL National U12 Chess-ch 2022"]
[Site "Mysore"]
[Date "2022.04.12"]
[Round "8.3"]
[White "Raihaan Zahid"]
[Black "Sathvik Adiga"]
[Result "0-1"]
[ECO "C92"]
[WhiteElo "1491"]
[BlackElo "1562"]
[Annotator "NA RC"]
[PlyCount "120"]
[EventDate "2022.04.09"]
[EventCountry "IND"]
[SourceTitle "playchess.com"]
[Source "ChessBase"]
[SourceQuality "1"]
[TimeControl "5400+30"]

1. e4 e5 2. Nf3 Nc6 3. Bb5 a6 4. Ba4 Nf6 5. O-O Be7 6. Re1 b5 7. Bb3 d6 8. c3 O-O 9. h3 Nb8 10. d4 Nbd7 11. Nbd2 Bb7 12. Bc2 Re8 13. Nf1 Bf8 14. Ng3 g6 15. d5 c6 16. dxc6 Bxc6 17. Nh2 d5 18. exd5 Nxd5 19. Nf3 Bg7 20. Bg5 f6 21. Be3 Nxe3 22. fxe3 Nc5 23. Qe2 Qc7 24. e4 Rad8 25. Nh2 Qb7 26. Rf1 Kh8 27. Ng4 Rd6 28. Rad1 Rd5 29. Rd3 Rxd3 30. Re1 Rd1 31. Rxd1 Ne6 32. Bb3 Nf4 33. Qe3 Qc7 34. Qc5 Bf8 35. Qe3 Rd8 36. Rxd8 Qxd8 37. Qa7 Qd2 38. Ne3 Qd7 39. Qxa6 Bc5 40. Ngf1 Kg7 41. Kh2 Bxe4 42. Ng4 Bc6 43. c4 Qb7 44. Qxb7+ Bxb7 45. cxb5 Bxg2 46. Nge3 Bb7 47. a4 f5 48. a5 Kf6 49. Bc4 e4 50. b6 Bc6 51. Nc2 Nd3 52. Nfe3 Nxb2 53. Bd5 Bb5 54. Bb7 Ke5 55. Nd5 Nc4 56. Nc7 Nxa5 57. Bc8 Bc6 58. b7 Bxb7 59. Ne6 Bxc8 60. Nxc5 Nc4 0-1

[Event "34th MPL National U12 Chess-ch 2022"]
[Site "Mysore"]
[Date "2022.04.12"]
[Round "8.4"]
[White "Adireddy Arjun"]
[Black "Nimay Agrawal"]
[Result "1/2-1/2"]
[ECO "B01"]
[WhiteElo "1796"]
[BlackElo "1366"]
[Annotator "NA RC"]
[PlyCount "104"]
[EventDate "2022.04.09"]
[EventCountry "IND"]
[SourceTitle "playchess.com"]
[Source "ChessBase"]
[SourceQuality "1"]
[TimeControl "5400+30"]

1. e4 d5 2. exd5 Qxd5 3. Nc3 Qa5 4. d4 c6 5. Nf3 Nf6 6. Bc4 Bf5 7. Bd2 Qc7 8. Ne5 e6 9. g4 Bg6 10. h4 Nbd7 11. Nxg6 hxg6 12. g5 Nd5 13. Nxd5 cxd5 14. Bd3 Bd6 15. Qf3 a6 16. h5 gxh5 17. Rxh5 Rxh5 18. Qxh5 Nf8 19. Qh4 g6 20. O-O-O O-O-O 21. f4 Nd7 22. Rf1 Nb8 23. Rh1 Nc6 24. Qf2 Qb6 25. c3 Rf8 26. Rh7 Kb8 27. Be3 Qd8 28. Qg2 Ne7 29. Bd2 Nf5 30. Bxf5 gxf5 31. Qe2 Qe8 32. Qh5 Ka7 33. Rg7 Ka8 34. g6 fxg6 35. Qxg6 Qxg6 36. Rxg6 Re8 37. Kd1 Kb8 38. Ke2 Kc7 39. Kf3 Kd7 40. Rh6 Rg8 41. Be3 Rg4 42. Rh1 b5 43. Rh8 Bc7 44. Rh7+ Kc6 45. Re7 Kd6 46. Rh7 Kc6 47. Rh2 a5 48. Rh6 Kd7 49. Rh7+ Kc6 50. Rh6 Kd7 51. Rh7+ Kc6 52. Rh6 Kd7 1/2-1/2

[Event "34th MPL National U12 Chess-ch 2022"]
[Site "Mysore"]
[Date "2022.04.12"]
[Round "8.5"]
[White "Gandhi, Aakash"]
[Black "Sidharth Sreekumar"]
[Result "1-0"]
[ECO "A57"]
[WhiteElo "1698"]
[BlackElo "1418"]
[Annotator "NA RC"]
[PlyCount "69"]
[EventDate "2022.04.09"]
[EventCountry "IND"]
[SourceTitle "playchess.com"]
[Source "ChessBase"]
[SourceQuality "1"]
[TimeControl "5400+30"]

1. d4 Nf6 2. c4 c5 3. d5 a6 4. e3 b5 5. cxb5 axb5 6. Bxb5 Qa5+ 7. Nc3 Ba6 8. Bxa6 Nxa6 9. Nge2 d6 10. O-O g6 11. Bd2 Bg7 12. Ne4 Nb4 13. Bc3 Nxe4 14. Bxg7 Rg8 15. Bc3 Nxc3 16. Nxc3 Qa6 17. Qg4 Kf8 18. Qh4 Qb7 19. Qe4 Kg7 20. h4 h5 21. a3 Na6 22. Rab1 Rgc8 23. f4 f5 24. Qf3 c4 25. e4 Qd7 26. Rbe1 Rc7 27. exf5 Qxf5 28. Nb5 Rb7 29. Nd4 Qf6 30. Ne6+ Kh6 31. f5 gxf5 32. Qf4+ Kg6 33. Qg3+ Kh6 34. Rxf5 Qg6 35. Rxh5+ 1-0

[Event "34th MPL National U12 Chess-ch 2022"]
[Site "Mysore"]
[Date "2022.04.12"]
[Round "8.6"]
[White "Haridev S"]
[Black "Sharnarthi Viresh"]
[Result "1-0"]
[ECO "A31"]
[WhiteElo "1458"]
[BlackElo "1549"]
[Annotator "NA RC"]
[PlyCount "139"]
[EventDate "2022.04.09"]
[EventCountry "IND"]
[SourceTitle "playchess.com"]
[Source "ChessBase"]
[SourceQuality "1"]
[TimeControl "5400+30"]

1. e4 c5 2. Nf3 d6 3. d4 cxd4 4. Nxd4 Nf6 5. f3 a6 6. c4 e6 7. Nc3 Be7 8. Be3 O-O 9. Be2 b6 10. O-O Bb7 11. Rc1 Nbd7 12. Qb3 Rc8 13. Rfd1 Re8 14. a3 Qc7 15. Na4 Bc6 16. Nxc6 Qxc6 17. Nc3 Bf8 18. g3 Qb7 19. Qa2 Ne5 20. h3 b5 21. cxb5 axb5 22. Qb3 Rb8 23. Na2 Ng6 24. Nb4 d5 25. exd5 exd5 26. Nc6 Rbc8 27. Nd4 Qb8 28. Bf2 Bc5 29. Rxc5 Rxc5 30. Bxb5 Rec8 31. a4 Rc1 32. Kg2 Nh5 33. Rxc1 Rxc1 34. f4 Qc8 35. Ne2 Rc2 36. Bd3 Rc7 37. Qxd5 Rd7 38. Qc4 Qb7+ 39. Be4 Qb8 40. b4 Nf6 41. Bf3 Rc7 42. Qb3 h5 43. b5 Rd7 44. b6 h4 45. b7 hxg3 46. Ba7 Rxb7 47. Qxb7 Nxf4+ 48. Nxf4 Qxf4 49. Qb8+ Qxb8 50. Bxb8 Nd7 51. Bxg3 Nc5 52. a5 Na6 53. Bd6 f6 54. Bd5+ Kh7 55. Bc4 f5 56. Bxa6 f4 57. Bxf4 g5 58. Bxg5 Kg6 59. h4 Kh5 60. Kg3 Kg6 61. Bc4 Kg7 62. a6 Kh7 63. a7 Kg7 64. Bf1 Kg6 65. a8=Q Kg7 66. Qe8 Kh7 67. Bd3+ Kg7 68. Qe7+ Kg8 69. Bh7+ Kh8 70. Bf6# 1-0

[Event "34th MPL National U12 Chess-ch 2022"]
[Site "Mysore"]
[Date "2022.04.13"]
[Round "9.1"]
[White "Goutham Krishna H"]
[Black "Vaz, Ethan"]
[Result "1-0"]
[ECO "D36"]
[WhiteElo "1541"]
[BlackElo "1384"]
[Annotator "NA RC"]
[PlyCount "97"]
[EventDate "2022.04.09"]
[EventCountry "IND"]
[SourceTitle "playchess.com"]
[Source "ChessBase"]
[SourceQuality "1"]
[TimeControl "5400+30"]

1. Nf3 d5 2. d4 Nf6 3. c4 e6 4. Nc3 c6 5. cxd5 exd5 6. Bg5 Nbd7 7. e3 h6 8. Bh4 Be7 9. Bd3 O-O 10. O-O Re8 11. Qc2 b6 12. a3 Bb7 13. b4 Rc8 14. Rab1 a5 15. bxa5 b5 16. a4 Qxa5 17. Bf5 b4 18. Ne5 Ba6 19. Ne2 Rc7 20. Bd3 Bxd3 21. Nxd3 Rec8 22. Qb3 Ra8 23. Ra1 Nb6 24. Bxf6 Bxf6 25. Nxb4 Nc4 26. Qc3 Rb8 27. Nd3 Qxc3 28. Nxc3 Rb3 29. Rfc1 Be7 30. g4 Bb4 31. Nxb4 Rxb4 32. h3 Rcb7 33. e4 Nd2 34. exd5 cxd5 35. Rd1 Rb2 36. a5 R7b3 37. a6 Nf3+ 38. Kf1 Rxc3 39. a7 Rcc2 40. a8=Q+ Kh7 41. Kg2 Rxf2+ 42. Kg3 g5 43. Rf1 Rh2 44. Qxd5 Rbg2+ 45. Kxf3 Kg7 46. Qe5+ Kh7 47. Ra8 f6 48. Qe7+ Kg6 49. Rg8# 1-0

[Event "34th MPL National U12 Chess-ch 2022"]
[Site "Mysore"]
[Date "2022.04.13"]
[Round "9.2"]
[White "Haridev S"]
[Black "Gandhi, Aakash"]
[Result "1/2-1/2"]
[ECO "C01"]
[WhiteElo "1458"]
[BlackElo "1698"]
[Annotator "NA RC"]
[PlyCount "98"]
[EventDate "2022.04.09"]
[EventCountry "IND"]
[SourceTitle "playchess.com"]
[Source "ChessBase"]
[SourceQuality "1"]
[TimeControl "5400+30"]

1. e4 e6 2. d4 d5 3. exd5 exd5 4. Nf3 Nf6 5. Bd3 c5 6. dxc5 Bxc5 7. O-O O-O 8. Bg5 Nc6 9. c3 Bg4 10. Nbd2 Ne5 11. Be2 Ng6 12. h3 Bxf3 13. Bxf3 h6 14. Bxf6 Qxf6 15. Bxd5 Rad8 16. Ne4 Qe5 17. Bxf7+ Kh8 18. Qg4 Nf4 19. Nxc5 Rxf7 20. g3 Nxh3+ 21. Qxh3 Qxc5 22. Qg2 Rd3 23. Rad1 Rdf3 24. Rd2 Kh7 25. Re1 R7f6 26. Rde2 Qb6 27. Re3 Rxe3 28. Rxe3 Qxb2 29. Qe4+ Rg6 30. Kg2 b5 31. a4 bxa4 32. Qxa4 Qb7+ 33. Qe4 Qxe4+ 34. Rxe4 Rc6 35. Re7 a5 36. Ra7 Rc5 37. c4 Kg6 38. Kf3 Kf5 39. Rxg7 Rxc4 40. g4+ Kf6 41. Rh7 Kg6 42. Ra7 a4 43. Ra6+ Kg7 44. Kg3 Rc3+ 45. Kh4 a3 46. g5 hxg5+ 47. Kxg5 Kf7 48. f4 Re3 49. f5 Rc3 1/2-1/2

[Event "34th MPL National U12 Chess-ch 2022"]
[Site "Mysore"]
[Date "2022.04.13"]
[Round "9.3"]
[White "Sathvik Adiga"]
[Black "Vivaan Vijay Saraogi"]
[Result "1/2-1/2"]
[ECO "B19"]
[WhiteElo "1562"]
[BlackElo "1519"]
[Annotator "NA RC"]
[PlyCount "153"]
[EventDate "2022.04.09"]
[EventCountry "IND"]
[SourceTitle "playchess.com"]
[Source "ChessBase"]
[SourceQuality "1"]
[TimeControl "5400+30"]

1. e4 c6 2. d4 d5 3. Nc3 dxe4 4. Nxe4 Bf5 5. Ng3 Bg6 6. h4 h6 7. Nf3 Nd7 8. h5 Bh7 9. Bd3 Bxd3 10. Qxd3 Ngf6 11. Bd2 e6 12. O-O-O Be7 13. Kb1 O-O 14. Ne4 Nxe4 15. Qxe4 Nf6 16. Qe2 Qd5 17. Qe5 Rfd8 18. Qxd5 Rxd5 19. g4 Nxg4 20. Rdg1 f5 21. c4 Rd7 22. Be3 Bf6 23. Nh2 Nxe3 24. fxe3 c5 25. Re1 cxd4 26. e4 Bh4 27. Ref1 fxe4 28. Rf4 Bf6 29. Rxe4 Rc8 30. b3 Kf7 31. Rhe1 Rd6 32. Ng4 Rc5 33. Ne5+ Rxe5 34. Rxe5 Bxe5 35. Rxe5 Kf6 36. Re1 b6 37. Rg1 a5 38. Kc2 Rd7 39. Kd3 Kf5 40. Rf1+ Kg4 41. Re1 Rd6 42. Rg1+ Kf4 43. Rxg7 e5 44. Rf7+ Kg4 45. Re7 Kf5 46. Rf7+ Rf6 47. Rg7 Rd6 48. Rf7+ Kg5 49. Re7 Kxh5 50. Rxe5+ Kg4 51. Re8 h5 52. Rg8+ Kf5 53. Rh8 Kg5 54. Rg8+ Rg6 55. Rh8 Rh6 56. Rg8+ Kf4 57. Rf8+ Kg3 58. Rg8+ Kf2 59. Rf8+ Kg2 60. Rg8+ Kh2 61. Kxd4 h4 62. c5 bxc5+ 63. Kxc5 Rh5+ 64. Kb6 h3 65. a3 Rf5 66. Rg7 Kh1 67. Rg6 h2 68. Rg7 Rf2 69. Kxa5 Rg2 70. Rh7 Rg3 71. b4 Rxa3+ 72. Kb6 Kg2 73. Rxh2+ Kxh2 74. b5 Kg3 75. Kc7 Rc3+ 76. Kd7 Rd3+ 77. Kc7 1/2-1/2

[Event "34th MPL National U12 Chess-ch 2022"]
[Site "Mysore"]
[Date "2022.04.13"]
[Round "9.4"]
[White "Adharsh K"]
[Black "Adireddy Arjun"]
[Result "0-1"]
[ECO "B23"]
[WhiteElo "1444"]
[BlackElo "1796"]
[Annotator "NA RC"]
[PlyCount "94"]
[EventDate "2022.04.09"]
[EventCountry "IND"]
[SourceTitle "playchess.com"]
[Source "ChessBase"]
[SourceQuality "1"]
[TimeControl "5400+30"]

1. e4 c5 2. Nc3 a6 3. f4 b5 4. Nf3 Bb7 5. d4 e6 6. Be3 Qc7 7. dxc5 Bxc5 8. Qd2 d6 9. O-O-O Nd7 10. Bxc5 dxc5 11. f5 Ngf6 12. fxe6 fxe6 13. Ng5 Qc6 14. Qd6 Qxd6 15. Rxd6 e5 16. Be2 h6 17. Ne6 b4 18. Na4 Nxe4 19. Rxd7 Kxd7 20. Nexc5+ Nxc5 21. Nxc5+ Kc6 22. Nxb7 Kxb7 23. Bf3+ Kb6 24. Bxa8 Rxa8 25. Re1 Re8 26. Kd2 Kc5 27. Re4 a5 28. Rg4 g5 29. Re4 Kd5 30. Re3 e4 31. a3 Rf8 32. axb4 axb4 33. c3 b3 34. Ke2 Rc8 35. Rh3 Ra8 36. Rxh6 Ra2 37. Rb6 Rxb2+ 38. Ke3 Kc4 39. g4 Rxh2 40. Kxe4 Rf2 41. Rc6+ Kb5 42. Rc8 b2 43. c4+ Ka4 44. Kd4 b1=Q 45. Ra8+ Kb3 46. Rb8+ Kc2 47. Rxb1 Kxb1 0-1

[Event "34th MPL National U12 Chess-ch 2022"]
[Site "Mysore"]
[Date "2022.04.13"]
[Round "9.5"]
[White "Ajay Santhosh Parvathareddy"]
[Black "Mrinmoy Rajkhowa"]
[Result "0-1"]
[ECO "D04"]
[WhiteElo "1296"]
[BlackElo "1634"]
[Annotator "NA RC"]
[PlyCount "211"]
[EventDate "2022.04.09"]
[EventCountry "IND"]
[SourceTitle "playchess.com"]
[Source "ChessBase"]
[SourceQuality "1"]
[TimeControl "5400+30"]

1. d4 Nf6 2. Nf3 g6 3. b3 Bg7 4. Bb2 d5 5. e3 O-O 6. Be2 c5 7. O-O Ne4 8. Nbd2 Bf5 9. Ne5 cxd4 10. exd4 Nxd2 11. Qxd2 Nd7 12. Nxd7 Qxd7 13. Bd3 Rac8 14. Rfe1 Bxd3 15. Qxd3 Rfd8 16. Re2 Bf6 17. Rf1 Qf5 18. Qxf5 gxf5 19. f4 b5 20. a3 a5 21. c3 Rc6 22. Rf3 Rdc8 23. Rd3 Kg7 24. g3 a4 25. b4 Kf8 26. Kf2 h5 27. h4 Ke8 28. Kf3 Kd7 29. Rde3 Rg8 30. Ba1 e6 31. Bb2 Rcc8 32. Rg2 Kd6 33. Kf2 Rg4 34. Rh2 Bh8 35. Rh1 Rcg8 36. Rhe1 Bg7 37. Bc1 Bh6 38. Rf3 Kd7 39. Rd3 Bf8 40. Rde3 Be7 41. Rh1 Bd6 42. Rd3 Bc7 43. Re1 Kc6 44. Bd2 Kd7 45. Bc1 f6 46. Bd2 Bb6 47. Rde3 Re8 48. Kf3 Bc7 49. Rd3 Rg7 50. Be3 Reg8 51. Bf2 Re8 52. Rde3 Rge7 53. Rd3 Kc6 54. Rde3 Kd6 55. R3e2 Bb6 56. Bg1 Rc8 57. Re3 Rc6 58. Kg2 Kd7 59. Bf2 Ke8 60. R1e2 Kf7 61. Be1 Bc7 62. Bf2 Rc4 63. Rf3 Bb8 64. Be1 Kg6 65. Ref2 Rc8 66. Bd2 Rf8 67. Rd3 Kf7 68. Re2 Ke8 69. Rde3 Kd7 70. Rd3 Kc6 71. Kh3 Rg8 72. Rde3 Kd6 73. Be1 Rg4 74. Bf2 Rg8 75. Rd3 Kc6 76. Rde3 Rge8 77. Kg2 e5 78. dxe5 fxe5 79. fxe5 Rxe5 80. Rxe5 Rxe5 81. Rxe5 Bxe5 82. Bd4 Bd6 83. Bg7 d4 84. Bxd4 Kd5 85. Kf3 Kc4 86. Bc5 Bc7 87. Be3 Kxc3 88. Bf4 Bxf4 89. Kxf4 Kb3 90. Kxf5 Kxa3 91. g4 hxg4 92. h5 g3 93. h6 g2 94. h7 g1=Q 95. h8=Q Qb1+ 96. Kf4 Qxb4+ 97. Kg5 Qd2+ 98. Kg4 Qb4+ 99. Kf3 Qb3+ 100. Ke4 Qb1+ 101. Ke3 b4 102. Qf8 Ka2 103. Qa8 a3 104. Qh8 b3 105. Qc3 Qc2 106. Kd4 0-1

[Event "34th MPL National U12 Chess-ch 2022"]
[Site "Mysore"]
[Date "2022.04.13"]
[Round "9.6"]
[White "Ayushman Mohanty"]
[Black "Tanmay Rajbongshi"]
[Result "0-1"]
[ECO "B32"]
[WhiteElo "1480"]
[BlackElo "1516"]
[Annotator "NA RC"]
[PlyCount "120"]
[EventDate "2022.04.09"]
[EventCountry "IND"]
[SourceTitle "playchess.com"]
[Source "ChessBase"]
[SourceQuality "1"]
[TimeControl "5400+30"]

1. e4 c5 2. Nf3 Nc6 3. d4 cxd4 4. Nxd4 e5 5. Nb5 a6 6. Nd6+ Bxd6 7. Qxd6 Qf6 8. Qxf6 Nxf6 9. Nc3 d5 10. exd5 Nb4 11. Bd3 Nxd3+ 12. cxd3 b5 13. Bg5 b4 14. Bxf6 gxf6 15. Ne4 f5 16. Nd6+ Ke7 17. Nc4 f6 18. f4 Bb7 19. fxe5 fxe5 20. Nxe5 Bxd5 21. Kf2 Rhg8 22. Nf3 Rac8 23. Rhe1+ Kf6 24. Rec1 a5 25. g3 a4 26. Nd2 Rcd8 27. Rd1 f4 28. Nc4 Kf5 29. Rac1 fxg3+ 30. hxg3 Rdf8 31. Rg1 Kg5+ 32. Ke3 Rf3+ 33. Kd2 Rd8 34. Ne5 Rf2+ 35. Ke3 Rxb2 36. Rb1 Rxb1 37. Rxb1 Rb8 38. Nc4 Kg4 39. Kd4 Bg8 40. Ne5+ Kh3 41. Nc6 Bxa2 42. Rxb4 Rxb4+ 43. Nxb4 Bb3 44. Ke5 Kxg3 45. d4 h5 46. d5 Bxd5 47. Kxd5 h4 48. Kd4 h3 49. Nc2 h2 50. Ne3 h1=Q 51. Nc2 a3 52. Kc3 a2 53. Kb2 Qb1+ 54. Kc3 Qxc2+ 55. Kxc2 a1=Q 56. Kd3 Qa4 57. Ke3 Qc4 58. Kd2 Kf3 59. Kd1 Ke3 60. Ke1 Qc1# 0-1

[Event "34th MPL National U12 Chess-ch 2022"]
[Site "Mysore"]
[Date "2022.04.13"]
[Round "10.1"]
[White "Vaz, Ethan"]
[Black "Adireddy Arjun"]
[Result "0-1"]
[ECO "B22"]
[WhiteElo "1384"]
[BlackElo "1796"]
[Annotator "NA RC"]
[PlyCount "154"]
[EventDate "2022.04.09"]
[EventCountry "IND"]
[SourceTitle "playchess.com"]
[Source "ChessBase"]
[SourceQuality "1"]
[TimeControl "5400+30"]

1. e4 c5 2. c3 Nf6 3. e5 Nd5 4. d4 cxd4 5. cxd4 d6 6. Nf3 e6 7. Bc4 Nb6 8. Bb3 dxe5 9. Nxe5 Nc6 10. Nxc6 bxc6 11. Nc3 Ba6 12. a3 Be7 13. Bc2 Bf6 14. Be3 Nc4 15. Rb1 Nxe3 16. fxe3 O-O 17. Ne4 Be7 18. Bd3 Bxd3 19. Qxd3 c5 20. O-O cxd4 21. exd4 Qb6 22. Kh1 Rad8 23. Rfd1 Rd7 24. Nc3 Rfd8 25. d5 Qb7 26. Qf3 exd5 27. Rd3 d4 28. Ne4 Qd5 29. Rf1 Rf8 30. Rfd1 Qe5 31. h3 f5 32. Ng3 g6 33. b4 Rfd8 34. Ne2 Bf6 35. Nc1 Qe4 36. Qf2 Bg5 37. Nb3 Be3 38. Qf1 Re7 39. Nc5 Qd5 40. Qf3 Qxf3 41. gxf3 g5 42. Nb3 Red7 43. Nc5 Rd5 44. Kg2 Kf7 45. Nb7 Re8 46. Nc5 Kf6 47. Nb3 Red8 48. Nc5 h5 49. a4 Ke5 50. a5 Rc8 51. Rb3 Rdxc5 52. bxc5 Rxc5 53. Ra1 Rc2+ 54. Kf1 Kf4 55. Rb5 d3 56. Rd1 Rf2+ 57. Ke1 d2+ 58. Rxd2 Rxd2 59. a6 Ra2 60. Kd1 Rxa6 61. Ke2 Ra2+ 62. Ke1 Kxf3 63. Rxf5+ Bf4 64. Kd1 Rd2+ 65. Ke1 Rc2 66. Rd5 Rc1+ 67. Rd1 Rxd1+ 68. Kxd1 g4 69. h4 g3 70. Kc2 g2 71. Kc3 g1=Q 72. Kd3 Qd1+ 73. Kc4 Ke4 74. Kb5 Kd5 75. Ka6 Qb3 76. Kxa7 Kc6 77. Ka8 Qb7# 0-1

[Event "34th MPL National U12 Chess-ch 2022"]
[Site "Mysore"]
[Date "2022.04.13"]
[Round "10.2"]
[White "Mrinmoy Rajkhowa"]
[Black "Goutham Krishna H"]
[Result "1/2-1/2"]
[ECO "B80"]
[WhiteElo "1634"]
[BlackElo "1541"]
[Annotator "NA RC"]
[PlyCount "85"]
[EventDate "2022.04.09"]
[EventCountry "IND"]
[SourceTitle "playchess.com"]
[Source "ChessBase"]
[SourceQuality "1"]
[TimeControl "5400+30"]

1. e4 c5 2. Nf3 d6 3. d4 cxd4 4. Nxd4 Nf6 5. Nc3 a6 6. f3 e6 7. Be3 b5 8. Qd2 Bb7 9. a3 Nbd7 10. O-O-O d5 11. exd5 Nxd5 12. Nxd5 Bxd5 13. Kb1 Qc7 14. Be2 Bc5 15. Nb3 Bxe3 16. Qxe3 O-O 17. h4 Rfc8 18. Qd2 Nb6 19. Na5 Rd8 20. Qb4 Rab8 21. h5 Rdc8 22. Rd2 h6 23. Rh4 Qg3 24. Rg4 Qe1+ 25. Bd1 e5 26. Rd3 Qf1 27. Qd2 Be6 28. Rg3 Kh8 29. Qe2 Qxe2 30. Bxe2 Bf5 31. Rd2 Nc4 32. Nxc4 bxc4 33. Kc1 c3 34. bxc3 Rxc3 35. Bxa6 Rxa3 36. Rd6 Ra1+ 37. Kd2 Rb2 38. Bd3 Bxd3 39. Rxd3 Raa2 40. Rc3 Rb7 41. Rg4 Rd7+ 42. Rd3 Rc7 43. Rc3 1/2-1/2

[Event "34th MPL National U12 Chess-ch 2022"]
[Site "Mysore"]
[Date "2022.04.13"]
[Round "10.3"]
[White "Tanmay Rajbongshi"]
[Black "Vivaan Vijay Saraogi"]
[Result "0-1"]
[ECO "B13"]
[WhiteElo "1516"]
[BlackElo "1519"]
[Annotator "NA RC"]
[PlyCount "90"]
[EventDate "2022.04.09"]
[EventCountry "IND"]
[SourceTitle "playchess.com"]
[Source "ChessBase"]
[SourceQuality "1"]
[TimeControl "5400+30"]

1. e4 c6 2. d4 d5 3. exd5 cxd5 4. Bd3 Nc6 5. c3 Nf6 6. Bf4 g6 7. Nd2 Nh5 8. Bg3 Bh6 9. Ngf3 O-O 10. O-O Nxg3 11. hxg3 Bg4 12. b4 a6 13. Be2 Qc7 14. Re1 Rfe8 15. a4 Rac8 16. Qb3 e5 17. dxe5 Nxe5 18. Nxe5 Bxe2 19. Ndf3 Bxf3 20. Nxf3 Rxe1+ 21. Rxe1 Qxc3 22. Qxd5 Qxb4 23. Qd7 Rf8 24. Re7 b5 25. axb5 axb5 26. Re5 Qb1+ 27. Re1 Qb2 28. Re7 Bg7 29. Qd5 Qc1+ 30. Kh2 Qc4 31. Qb7 Qc5 32. Kg1 Rd8 33. g4 Bf8 34. Re1 Bd6 35. Rd1 Bh2+ 36. Kxh2 Rxd1 37. g5 Qd6+ 38. g3 b4 39. Kg2 Kg7 40. Qe4 b3 41. Qe2 Rb1 42. Qe4 Rc1 43. Qe2 Rc2 44. Qe4 Qc5 45. Nd4 b2 0-1

[Event "34th MPL National U12 Chess-ch 2022"]
[Site "Mysore"]
[Date "2022.04.13"]
[Round "10.4"]
[White "Gandhi, Aakash"]
[Black "Sherla Prathamesh"]
[Result "1-0"]
[ECO "E36"]
[WhiteElo "1698"]
[BlackElo "1484"]
[Annotator "NA RC"]
[PlyCount "99"]
[EventDate "2022.04.09"]
[EventCountry "IND"]
[SourceTitle "playchess.com"]
[Source "ChessBase"]
[SourceQuality "1"]
[TimeControl "5400+30"]

1. d4 Nf6 2. c4 e6 3. Nc3 Bb4 4. Qc2 d5 5. a3 Be7 6. cxd5 exd5 7. Bg5 c6 8. e3 Bg4 9. Bd3 Bh5 10. Nge2 Bg6 11. O-O O-O 12. Ng3 Bxd3 13. Qxd3 h6 14. Bf4 Nbd7 15. Nf5 Re8 16. Ne2 Bf8 17. Neg3 Re6 18. h4 Ne4 19. Nxe4 dxe4 20. Qe2 Kh7 21. h5 g6 22. hxg6+ fxg6 23. Ng3 Bg7 24. Qc2 Qe7 25. f3 exf3 26. Rxf3 Rf8 27. Nh5 Kg8 28. Nxg7 Kxg7 29. Raf1 Ref6 30. Qd2 Qe4 31. Qb4 Kg8 32. Qb3+ Qd5 33. Qxb7 g5 34. Bh2 Rxf3 35. Rxf3 Rxf3 36. gxf3 Qe6 37. Kf2 h5 38. Qc8+ Kf7 39. Qh8 Qg6 40. e4 g4 41. Qd8 Nf6 42. Qc7+ Kg8 43. Qb8+ Ne8 44. Qb3+ Kh7 45. Be5 Kh6 46. Qb7 h4 47. Qe7 g3+ 48. Kg2 Kh5 49. Bf4 Nf6 50. Qe5+ 1-0

[Event "34th MPL National U12 Chess-ch 2022"]
[Site "Mysore"]
[Date "2022.04.13"]
[Round "10.5"]
[White "Aansh Nandan Nerurkar"]
[Black "Nimay Agrawal"]
[Result "1/2-1/2"]
[ECO "B01"]
[WhiteElo "1564"]
[BlackElo "1366"]
[Annotator "NA RC"]
[PlyCount "166"]
[EventDate "2022.04.09"]
[EventCountry "IND"]
[SourceTitle "playchess.com"]
[Source "ChessBase"]
[SourceQuality "1"]
[TimeControl "5400+30"]

1. e4 d5 2. exd5 Qxd5 3. Nc3 Qa5 4. d4 c6 5. Bc4 Nf6 6. Nf3 Bf5 7. Bd2 Qc7 8. Ne5 e6 9. g4 Bg6 10. h4 Nbd7 11. Qe2 Nxe5 12. dxe5 Nd5 13. h5 Bxc2 14. Rc1 Nxc3 15. Bxc3 Ba4 16. b3 Bb5 17. Bxb5 cxb5 18. Qxb5+ Qd7 19. Qxd7+ Kxd7 20. O-O Ba3 21. Rcd1+ Ke7 22. Rd4 Rac8 23. Bb4+ Bxb4 24. Rxb4 b6 25. a4 Rc5 26. Re1 Rd8 27. Re2 Rdd5 28. Rbe4 Rc3 29. R2e3 Rd1+ 30. Kg2 Rcc1 31. Rb4 Rd5 32. Ree4 Rcc5 33. Rbc4 a5 34. f3 Rd3 35. Rxc5 bxc5 36. Rc4 Rd5 37. Re4 Kd7 38. Kg3 Kc6 39. Rf4 Rd7 40. Kf2 Rb7 41. Ke2 Kd5 42. Kd2 Kxe5 43. Re4+ Kd5 44. Kc3 Rb4 45. Re1 e5 46. Rd1+ Rd4 47. Rf1 f6 48. h6 g6 49. Re1 Ke6 50. Re2 f5 51. gxf5+ Kxf5 52. Re1 Kf4 53. Re2 Kf5 54. Re1 Ke6 55. Re3 Kd5 56. Re1 c4 57. bxc4+ Rxc4+ 58. Kb3 Rb4+ 59. Ka3 Rh4 60. Rd1+ Ke6 61. Re1 Kf5 62. Kb3 Rxh6 63. Kc4 Rh3 64. Rf1 Kf4 65. Kb5 Rxf3 66. Rh1 h5 67. Kxa5 e4 68. Kb4 e3 69. Kc3 Kg3 70. Kd3 h4 71. Ke2 Rf6 72. Rg1+ Kf4 73. Rf1+ Kg5 74. Rg1+ Kh5 75. Kxe3 Ra6 76. Ra1 h3 77. a5 g5 78. Kf3 g4+ 79. Kg3 Rc6 80. a6 Rc3+ 81. Kh2 Rc2+ 82. Kh1 Rc8 83. a7 Ra8 1/2-1/2